 Dungeon Crawl Stone Soup version 0.29.1-15-g9cfb28693d (webtiles) character file.

Game seed: 1547370335931535113

52 javelincjr the Magician (level 3, -2/26 HPs)
             Began as a Demonspawn Hedge Wizard on Mar 28, 2023.
             Slain by a river rat (4 damage)
             ... on level 3 of the Dungeon.
             The game lasted 00:09:49 (2885 turns).

javelincjr the Magician (Demonspawn Hedge Wizard)   Turns: 2885, Time: 00:09:50

Health: -2/26      AC:  3    Str: 12    XL:     3   Next: 60%
Magic:  1/7        EV: 12    Int: 15    God:
Gold:   164        SH:  5    Dex: 12    Spells: 3/8 levels left

rFire   + . .      SeeInvis .   a - +0 dagger
rCold   . . .      Faith    .   (no shield)
rNeg    . . .      Spirit   .   b - +0 robe
rPois   +          Reflect  +   c - +0 hat
rElec   .          Harm     .   e - +0 cloak
rCorr   .          Rampage  .   (no gloves)
Will    .....                   (no boots)
Stlth   ++........              y - amulet of reflection
HPRegen 0.08/turn               h - ring of poison resistance
MPRegen 0.20/turn               w - ring of protection from fire

@: very slightly contaminated
A: claws 1, magic regeneration
a: no special abilities


You were on level 3 of the Dungeon.
You visited 1 branch of the dungeon, and saw 3 of its levels.

You collected 164 gold pieces.

Inventory:

Hand Weapons
 a - a +0 dagger (weapon)
 l - a +1 vampiric hand axe
Missiles
 q - 2 javelins
 x - 6 boomerangs
Armour
 b - a +0 robe (worn)
 c - a +0 hat (worn)
 e - a +0 cloak (worn)
Jewellery
 h - a ring of poison resistance (left claw)
 w - a ring of protection from fire (right claw)
 y - an amulet of reflection (around neck)
Scrolls
 f - a scroll of fog {unknown}
 g - 2 scrolls of magic mapping {unknown}
 i - 2 scrolls of teleportation {unknown}
 j - 5 scrolls of identify {unknown}
 k - 2 scrolls of fear {unknown}
 n - a scroll of enchant weapon {unknown}
 p - a scroll of poison {unknown}
 r - a scroll of brand weapon {unknown}
 t - a scroll of enchant armour {unknown}
 v - a scroll of amnesia {unknown}
Potions
 d - a potion of magic
 m - a potion of heal wounds {unknown}
 o - a potion of lignification {unknown}
 s - 3 potions of curing {unknown}
 u - a potion of attraction {unknown}


   Skills:
 + Level 1.1 Fighting
 + Level 1.0 Armour
 + Level 2.0 Dodging
 - Level 1.7 Stealth
 + Level 3.2 Spellcasting
 + Level 1.4 Conjurations
 + Level 1.5 Summonings
 + Level 1.4 Translocations


You had 3 spell levels left.
You knew the following spells:

 Your Spells              Type           Power      Damage    Failure   Level
a - Magic Dart            Conj           24%        1d4       11%         1
b - Blink                 Tloc           12%        N/A       16%         2
c - Call Imp              Summ           6%         N/A       16%         2

Your spell library contained the following spells:

 Spells                   Type           Power      Damage    Failure   Level
 Slow                     Hex            8%         N/A       21%         1
 Gell's Gravitas          Tloc           6%         N/A       32%         3
 Lesser Beckoning         Tloc           6%         N/A       32%         3
 Teleport Other           Tloc           6%         N/A       32%         3
 Conjure Flame            Conj/Fire      4%         6-21      41%         3
 Mephitic Cloud           Conj/Pois/Air  3%         N/A       43%         3
 Confusing Touch          Hex            2%         N/A       52%         3
 Ozocubu's Armour         Ice            2%         N/A       52%         3
 Vampiric Draining        Necr           2%         2d6       52%         3
 Ozocubu's Refrigeration  Ice            1%         4d7       100%        7


Dungeon Overview and Level Annotations

Branches:
Dungeon (3/15)

Altars:
Qazlal

Portals:
Sewer: D:3


Innate Abilities, Weirdness & Mutations

You have sharp fingernails.
You regenerate magic rapidly.


Message History

You closely miss the river rat.
The river rat is severely wounded.
You see here a giant cockroach corpse.
Casting: Magic Dart (safe; 11% risk of failure)
Confirm with . or Enter, or press ? or * to list all spells.
Aiming: Magic Dart (safe; 11% risk of failure)
Press: ? - help, Shift-Dir - straight line, f/p - river rat
Aim: a river rat (severely wounded, 100% to hit)
You miscast Magic Dart.
You are very lightly contaminated with residual magic.
Nothing appears to happen.
You hit the river rat but do no damage.
The river rat is severely wounded.
The river rat closely misses you. The rat attacks as you move away!
The rat barely misses you.
You hear the quick rusting of a drain very nearby.
The rat attacks as you move away! The rat closely misses you.
The rat twitches its whiskers.
Your magical contamination has completely faded away.
You closely miss the rat. The rat bites you.
* * * LOW HITPOINT WARNING * * *
You hit the rat.
You kill the rat!
The river rat twitches its whiskers.
You hit the river rat but do no damage.
The river rat is severely wounded.
The river rat bites you.
* * * LOW HITPOINT WARNING * * *
You closely miss the river rat.
The river rat is severely wounded.
You block the river rat's attack.
Casting: Magic Dart (safe; 11% risk of failure)
Confirm with . or Enter, or press ? or * to list all spells.
Aiming: Magic Dart (safe; 11% risk of failure)
Press: ? - help, Shift-Dir - straight line, f/p - river rat
Aim: a river rat (severely wounded, 100% to hit)
You miscast Magic Dart.
You are very lightly contaminated with residual magic.
Nothing appears to happen.
The river rat bites you.
You die...

#...........'.#
#...........#.#
##+##########.#
##.# #..# ##.##
#..# .####
####.##
......#.r@.#
#...#### ####
##....# #...####
####r###......~#
#.†.#.#...~~#
###...#.~~~~#
##.##.~~~~#
#..†~†~~∩#
##########


You could see a river rat.

Vanquished Creatures
  A worm (D:2)
  5 ball pythons
  6 endoplasms
  2 giant cockroaches
  A goblin (D:1)
  4 hobgoblins (D:1)
  A quokka (D:2)
  2 bats (D:1)
  4 frilled lizards
  6 kobolds
  7 rats
39 creatures vanquished.

Vanquished Creatures (collateral kills)
  An adder (D:2)
1 creature vanquished.

Grand Total: 40 creatures vanquished

Notes
Turn   | Place    | Note
-------+----------+-------------------------------------------
     0 | D:1      | javelincjr the Demonspawn Hedge Wizard began the quest for
                  | the Orb.
     0 | D:1      | Reached XP level 1. HP: 13/13 MP: 4/4
    27 | D:1      | Found a faded altar of an unknown god.
    83 | D:1      | Reached skill level 1 in Translocations
   484 | D:1      | Gained mutation: You have sharp fingernails. [demonic
                  | ancestry]
   484 | D:1      | Reached XP level 2. HP: 19/20 MP: 4/6
   587 | D:1      | Learned a level 2 spell: Blink
   590 | D:1      | Learned a level 2 spell: Call Imp
  1548 | D:2      | HP: 1/20 [poisoned by an adder]
  1559 | D:2      | Reached skill level 1 in Fighting
  1559 | D:2      | Gained mutation: You regenerate magic rapidly. [demonic
                  | ancestry]
  1559 | D:2      | Reached XP level 3. HP: 15/26 MP: 7/7
  2199 | D:2      | Reached skill level 1 in Armour
  2596 | D:3      | Found a stormy altar of Qazlal.
  2851 | D:3      | Found a glowing drain.
  2885 | D:3      | Slain by a river rat

Illustrated notes

Levels and vault maps discovered:
D:1:      lightli_arrival_quake, layout_loops_cross,
          hellmonk_ecumenical_altar_pennies_from_heaven
D:2:      layout_loops_ring
D:3:      layout_basic, nicolae_qazlal_general_emergency, portal_sewer_entry_b,
          grunt_decor_junction, kennysheep_small_spiral, mrwooster_statue_mirror

Skill      XL: |  1  2  3 |
---------------+----------+-----
Translocations | 1 |  1.4
Dodging        | 2 |  2.0
Fighting       | 1 |  1.1
Armour         | 1 |  1.0
Stealth        | |  1.7
Spellcasting   | |  3.2
Conjurations   | |  1.4
Summonings     | |  1.5

Action                   || total
-------------------------++-------
Melee: Dagger            ||    88
 Cast: Magic Dart        ||    80
       Blink             ||     1
       Call Imp          ||     1
  Use: Potion            ||     2
 Stab: Sleeping          ||     1
Armor: Robe              ||    18
Dodge: Dodged            ||    56
Block: Other             ||     7
